Description

xdsdfsdf

Replay - TvZ 애씨드 플랜트 - 래더-[ryung]Cure vs [PSISTM]Ragnarok

Build Order

Get SALT Encoding   

  12  0:00  SCV  
  13  0:12  SCV  
  14  0:17  Supply Depot  
  14  0:24  SCV  
  15  0:38  SCV  
  15  0:40  Barracks  
  15  0:42  Refinery  
  16  0:50  SCV  
  17  1:03  SCV  
  18  1:15  SCV  
  19  1:27  Orbital Command, Reaper  
  20  1:38  Command Center  
  20  1:48  Supply Depot  
  20  1:53  SCV  
  21  1:59  Marine  
  22  2:05  SCV  
  23  2:12  Factory  
  23  2:17  SCV  
  23  2:19  Barracks Reactor  
  25  2:41  Command Center  
  26  2:52  Orbital Command  
  26  2:57  Starport  
  27  3:05  Hellion x2  
  31  3:12  Barracks Tech Lab, Refinery  
  34  3:29  Hellion x2  
  40  3:41  Banshee  
  45  3:53  Orbital Command  
  47  3:58  Refinery  
  47  4:05  Supply Depot  
  47  4:09  Barracks Tech Lab  
  49  4:21  Barracks x2  
  49  4:22  Factory Reactor  
  51  4:29  Marine, Orbital Command, Stimpack  
  51  4:30  Refinery  
  52  4:36  Supply Depot  
  52  4:37  Starport Reactor  
  54  4:38  Engineering Bay x2  
  56  4:48  Marine  
  60  5:00  Supply Depot  
  60  5:06  Terran Infantry Armor Level 1, Terran Infantry Weapons Level 1  
  60  5:11  Marine x5  
  66  5:16  Medivac x2  
  75  5:29  Marine x2  
  75  5:31  Siege Tank  
  95  6:10  Siege Tank  
  103  6:12  Medivac x2  
  111  6:30  Combat Shields  
  111  6:31  Armory  
  118  6:44  Barracks x2, Siege Tank  
  121  6:49  Refinery x2  
  121  6:53  Marauder  
  127  6:56  Medivac x2  
  133  7:14  Marauder  
  140  7:16  Factory  
  140  7:23  Terran Infantry Weapons Level 2  
  140  7:29  Siege Tank  
  141  7:30  Missile Turret  
  141  7:33  Barracks Reactor x2  
  141  7:37  Marauder  
  147  7:47  Terran Infantry Armor Level 2  
  147  7:51  Terran Vehicle Weapons Level 1  
  150  7:59  Marauder  
  150  8:00  Command Center  
  150  8:02  Siege Tank, Factory Tech Lab, Sensor Tower  
  154  8:11  Medivac  
  164  8:20  Marauder  
  164  8:21  Siege Tank  
  171  8:41  Marauder  
  171  8:45  Siege Tank  
  176  8:49  Medivac x2  
  187  9:03  Marauder  
  187  9:04  Concussive Shells  
  191  9:20  Siege Tank x2  
  199  9:24  Marauder  
  200  9:38  Barracks x4  
Spawning Tool Build Advisor. Get it on Overwolf

Go to:

Details

  • Created by: foxersc   
  • Published on: Jul 01, 2018
  • Modified on: Jul 01, 2018
  • Patch: 4.0.0
Show
View Real Time Build Order
Export as new Build Order

Comments (0)

There are no comments. Be the first!

Create an account to comment!